 Dungeon Crawl Stone Soup version 0.28-a0-1356-g2ad6d04315 (webtiles) character file.

Game seed: 14851723409464820093

4890 Shayle the Covert (level 10, -5/80 HPs)
             Began as a Naga Warper on Dec 30, 2021.
             Was a Believer of Wu Jian.
             Slain by a centaur (15 damage)
             ... on level 9 of the Dungeon on Dec 31, 2021.
             The game lasted 00:35:57 (11513 turns).

Shayle the Covert (Naga Warper)                    Turns: 11513, Time: 00:35:58

Health: -5/80      AC: 11    Str: 20    XL:     10   Next: 51%
Magic:  17/17      EV: 12    Int: 15    God:    Wu Jian [**....]
Gold:   233        SH:  0    Dex: 13    Spells: 8/19 levels left

rFire   + + .      SeeInvis +   a - +1 short sword
rCold   + . .      Faith    .   (no shield)
rNeg    . . .      Spirit   .   d - +2 robe {rC+ rF+}
rPois   +          Reflect  .   n - +2 hat
rElec   .          Harm     .   q - +1 cloak
rCorr   .          Rampage  .   E - +0 pair of gloves
Will    +....                   (no barding)
Stlth   ++++......              (no amulet)
HPRegen 0.23/turn               i - +6 ring of strength
MPRegen 0.15/turn               k - ring of protection from fire

@: short of breath, very slow
A: AC +3, large, see invisible, deformed body, poison resistance, slowness 2,
spit poison 1, naga tail 1
a: Spit Poison, Renounce Religion, Wall Jump


You were on level 9 of the Dungeon.
You worshipped Wu Jian.
Wu Jian was pleased with you.
You visited 2 branches of the dungeon, and saw 10 of its levels.

You collected 498 gold pieces.
You spent 265 gold pieces at shops.

Inventory:

Hand Weapons
 a - a +1 short sword (weapon)
 u - a +3 battleaxe
 H - a +2 mace
 I - a +1 war axe
Missiles
 g - 14 poisoned darts (quivered)
 r - 2 boomerangs
 F - a throwing net
 J - 5 datura-tipped darts
Armour
 b - a +0 leather armour
 d - a +2 robe of resistance (worn)
 e - a scarf of invisibility
 f - a +0 helmet
 n - a +2 hat (worn)
 q - a +1 cloak (worn)
 E - a +0 pair of gloves (worn)
 K - a +2 robe of the Archmagi
Jewellery
 i - a +6 ring of strength (left hand)
 j - a ring of wizardry
 k - a ring of protection from fire (right hand)
 y - a ring of wizardry
 B - an amulet of faith
Wands
 t - a wand of digging (4)
 v - a wand of mindburst (24)
 C - a wand of acid (3)
 D - a wand of paralysis (10)
Scrolls
 l - 5 scrolls of teleportation
 p - a scroll of enchant weapon
 s - 2 scrolls of vulnerability
 w - 2 scrolls of fear
 x - a scroll of magic mapping
 z - 4 scrolls of identify
 M - a scroll of amnesia {unknown}
Potions
 c - a potion of heal wounds
 h - 3 potions of attraction
 m - 2 potions of flight
 o - 2 potions of cancellation
 A - a potion of magic
 G - a potion of haste


   Skills:
 - Level 2.0 Fighting
 - Level 5.2 Short Blades
 - Level 0.8 Throwing
 - Level 0.7 Armour
 * Level 6.5 Dodging
 - Level 9.7 Stealth
 - Level 5.2 Spellcasting
 - Level 3.0 Translocations
 + Level 6.2 Transmutations
 + Level 6.2 Air Magic


You had 8 spell levels left.
You knew the following spells:

 Your Spells              Type           Power      Damage    Failure   Level
a - Blink                 Tloc           24%        N/A       7%          2
b - Teleport Other        Tloc           12%        N/A       14%         3
c - Gell's Gravitas       Tloc           12%        N/A       14%         3
d - Mephitic Cloud        Conj/Pois/Air  10%        N/A       21%         3

Your spell library contained the following spells:

 Spells                   Type           Power      Damage    Failure   Level
 Lesser Beckoning         Tloc           12%        N/A       14%         3
 Foxfire                  Conj/Fire      12%        2x1d4     16%         1
 Magic Dart               Conj           12%        1d3       16%         1
 Call Imp                 Summ           3%         N/A       24%         2
 Scorch                   Fire           6%         2d5       24%         2
 Conjure Flame            Conj/Fire      3%         6-21      43%         3
 Inner Flame              Hex/Fire       3%         N/A       43%         3
 Manifold Assault         Tloc           12%        N/A       78%         5
 Flame Wave               Conj/Fire      3%         2d4       85%         4
 Summon Cactus Giant      Summ           1%         N/A       100%        6


Dungeon Overview and Level Annotations

Branches:
Dungeon (9/15)             Temple (1/1) D:5
   Lair: D:8-11         Orc: D:9-12

Altars:
Ashenzari
Cheibriados
Dithmenos
Elyvilon
Fedhas
Gozag
Hepliaklqana
Kikubaaqudgha
Makhleb
Nemelex Xobeh
Okawaru
Qazlal
Ru
Sif Muna
Trog
Uskayaw
Vehumet
Wu Jian
Xom
Yredelemnul
Zin

Shops:
D:2 :   D:3 =   D:5 ([?   D:6 ?(

Annotations:
D:3 1 runed translucent door, Crazy Yiuf, Ijyb
D:8 3 runed translucent doors, siradein's ghost, novice HOFi


Innate Abilities, Weirdness & Mutations

Your serpentine skin is tough. (AC +3)
You have supernaturally acute eyesight. (SInv)
Armour fits poorly on your strangely shaped body.
Your system is resistant to poisons. (rPois)
You cover ground very slowly.
You can spit poison.
You have a snake-like lower body.


Message History

The bolt of acid hits the death knight!
You kill the death knight!
The Council accepts your kill.
Your Transmutations skill increases to level 6!
Your Air Magic skill increases to level 6!
You have got your breath back.
Things that are here:
a +3 battleaxe; a +0 chain mail
u - a +3 battleaxe You start resting.
A centaur is nearby!
You lunge at the centaur, in a flurry of attacks.
You barely miss the centaur. You hit the centaur but do no damage.
The centaur completely misses you.
The centaur kicks you but does no damage.
The centaur drinks a potion.
The centaur seems to grow stronger.
Unknown command.
You hit the centaur.
The centaur is lightly wounded.
The centaur hits you with a +0 long sword!
The centaur barely misses you.
You barely miss the centaur.
The centaur is lightly wounded.
The centaur barely misses you. x2
You hit the centaur.
The centaur is moderately wounded.
The centaur closely misses you. x3
The centaur kicks you but does no damage.
Aiming: Spit Poison (1% risk of failure)
Press: ? - help, Shift-Dir - straight line, f - centaur
Aim: a centaur, wielding a +0 long sword, wearing an amulet of faith and quivering arrows (moderately wounded, strong)
The splash of poison hits the centaur.
The centaur is poisoned.
The centaur is heavily wounded.
The centaur hits you with a +0 long sword!!
* * * LOW HITPOINT WARNING * * *
The centaur kicks you but does no damage.
You hit the centaur.
The centaur is severely wounded.
The centaur hits you with a +0 long sword!
You die...

**,* #.............. **,,*
####.......###. **,,**
###....##..# *,,** ##[.##.$#*
*********,**####### #.##..#*,
,,,,,,,,,,* #.....#### #.#..##.,
,,,,,,,,,,* #........####.#.##..#
********,,**##.........##...#$...
**,,* #..@c......#.#.#####
**,**#............#......
*,,*##..........†##..)..
**,**#...[........##...#
*,,*##............##.##
**,**##............###, *,,*
#...............,
**,**##............##, *,,*
##............#*


You could see a centaur (strong, poisoned).

Vanquished Creatures
  A death knight (D:9)
  A two-headed ogre (D:7)
  A wizard (D:9)
  Sigmund (D:3)
  A wyvern (D:7)
  A steam dragon (D:6)
  Duvessa (D:6)
  3 water moccasins
  3 ice beasts
  An orc warrior (D:5)
  A black bear (D:8)
  6 necrophages
  A centaur (D:7)
  A bullfrog (D:9)
  A scorpion (D:5)
  Dowan (D:6)
  A killer bee (D:9)
  A howler monkey (D:2)
  4 wights
  6 centaur zombies
  3 orc priests
  2 gnoll shamans
  4 jellies
  4 iguanas
  Natasha (thrice) (D:2)
  6 orc wizards
  A howler monkey zombie (D:6)
  7 gnolls
  5 adders
  A white imp (D:7)
  4 worms (D:2)
  2 dart slugs
  16 orcs
  A ball python (D:1)
  3 endoplasms
  2 giant cockroaches
  2 goblins
  A hobgoblin (D:4)
  10 kobolds
  2 quokkas
  2 bats
  3 frilled lizards (D:1)
  9 rats
130 creatures vanquished.

Vanquished Creatures (collateral kills)
  A goblin (D:2)
1 creature vanquished.

Vanquished Creatures (others)
  17 fungi (D:6)
  A withered plant (D:8)
18 creatures vanquished.

Grand Total: 149 creatures vanquished

Notes
Turn   | Place    | Note
-------+----------+-------------------------------------------
     0 | D:1      | Shayle the Naga Warper began the quest for the Orb.
     0 | D:1      | Reached XP level 1. HP: 19/19 MP: 3/3
    21 | D:1      | Reached skill level 1 in Stealth
    34 | D:1      | Reached skill level 2 in Stealth
   291 | D:1      | Reached XP level 2. HP: 21/26 MP: 5/5
   374 | D:1      | Reached skill level 3 in Stealth
   826 | D:1      | Found a faded altar of an unknown god.
   938 | D:1      | Reached skill level 4 in Stealth
  1077 | D:2      | Reached XP level 3. HP: 19/32 MP: 6/6
  1266 | D:2      | Learned a level 2 spell: Blink
  1270 | D:2      | Learned a level 3 spell: Teleport Other
  1500 | D:2      | Found Dekutioh's Book Emporium.
  1854 | D:2      | Noticed Natasha
  1863 | D:2      | Killed Natasha
  1864 | D:2      | Reached skill level 5 in Stealth
  1864 | D:2      | Reached XP level 4. HP: 19/39 MP: 7/7
  2277 | D:2      | Reached skill level 6 in Stealth
  2737 | D:3      | Noticed Sigmund
  3091 | D:2      | Reached skill level 7 in Stealth
  3091 | D:2      | Reached XP level 5. HP: 36/40 MP: 8/8
  3145 | D:2      | Noticed Natasha
  3224 | D:2      | Killed Natasha
  3586 | D:2      | Noticed Natasha
  3617 | D:2      | Killed Natasha
  3972 | D:3      | Found a runed translucent door.
  3973 | D:3      | Noticed Crazy Yiuf
  4267 | D:3      | Found Iletaq's Jewellery Shop.
  4278 | D:3      | Learned a level 3 spell: Gell's Gravitas
  4292 | D:3      | Killed Sigmund
  4293 | D:3      | Reached skill level 8 in Stealth
  4293 | D:3      | Reached XP level 6. HP: 16/52 MP: 9/9
  4551 | D:3      | Noticed Ijyb
  4731 | D:4      | Noticed a necrophage
  4738 | D:4      | Killed a necrophage
  4739 | D:4      | Reached skill level 9 in Stealth
  4739 | D:4      | Reached XP level 7. HP: 60/60 MP: 10/10
  5533 | D:5      | Entered Level 5 of the Dungeon
  5538 | D:5      | Found Gunnon's Magic Scroll Shop.
  5546 | D:5      | Bought a scroll of fear for 49 gold pieces
  5546 | D:5      | Bought a scroll of identify for 28 gold pieces
  5546 | D:5      | Bought a scroll of identify for 28 gold pieces
  5546 | D:5      | Bought a scroll of identify for 28 gold pieces
  5595 | D:5      | Found Beh Heic's Armour Emporium.
  5662 | D:5      | Reached skill level 5 in Short Blades
  5707 | D:5      | Found a staircase to the Ecumenical Temple.
  5725 | Temple   | Entered the Ecumenical Temple
  6144 | Temple   | Became a worshipper of the Wu Jian Council
  6273 | D:5      | Found Cocaf's Weapon Emporium.
  6580 | D:5      | Reached skill level 1 in Transmutations
  6580 | D:5      | Reached skill level 1 in Air Magic
  6580 | D:5      | Reached XP level 8. HP: 57/67 MP: 1/11
  7006 | D:6      | Noticed Duvessa
  7006 | D:6      | Noticed Dowan
  7010 | D:6      | Killed Duvessa
  7115 | D:6      | Found Beteann's Magic Scroll Boutique.
  7119 | D:6      | Bought a scroll of magic mapping for 42 gold pieces
  7119 | D:6      | Bought a scroll of enchant armour for 90 gold pieces
  7734 | D:6      | Found Cizuuj's Antique Weapon Emporium.
  8018 | D:6      | Killed Dowan
  8600 | D:7      | Noticed a wyvern
  8610 | D:7      | Reached XP level 9. HP: 73/73 MP: 14/14
  8993 | D:7      | Noticed a two-headed ogre
  9124 | D:7      | Reached * piety under Wu Jian
  9432 | D:7      | Learned a level 3 spell: Mephitic Cloud
  9445 | D:7      | Killed a two-headed ogre
  9480 | D:7      | Reached skill level 5 in Spellcasting
  9891 | D:8      | Reached skill level 5 in Transmutations
  9891 | D:8      | Reached skill level 5 in Air Magic
 10223 | D:7      | Reached skill level 5 in Dodging
 10762 | D:8      | Reached XP level 10. HP: 68/80 MP: 17/17
 11256 | D:8      | Found a runed translucent gate.
 11256 | D:8      | Found a runed translucent gate.
 11256 | D:8      | Found a runed translucent gate.
 11261 | D:8      | Noticed siradein's ghost (novice HOFi)
 11312 | D:9      | Noticed a wizard
 11328 | D:9      | Killed a wizard
 11336 | D:9      | Noticed a death knight
 11346 | D:9      | Reached ** piety under Wu Jian
 11466 | D:9      | Killed a death knight
 11513 | D:9      | Slain by a centaur

Illustrated notes

Levels and vault maps discovered:
D:1:      dpeg_arrival_ratfight, layout_loops_cross,
          hellmonk_ecumenical_altar_heavens_door
D:2:      layout_loops_ring, serial_shops, shop, uniq_natasha
D:3:      layout_basic, serial_shops, shop, uniq_sigmund, uniq_ijyb,
          uniq_crazy_yiuf_cottage
D:4:      layout_basic
D:5:      layout_basic, minmay_temple_entry_large_hall, serial_shops, shop,
          kennysheep_mini, nicolae_take_the_stairs, minmay_misc_feat_chi
D:6:      layout_basic, serial_shops, nicolae_shop_trees, shop, serial_aquarium,
          aquarium_bridge_long_joined [aquarium_subvault_wall,
          aquarium_subvault_window, aquarium_subvault_bridge,
          aquarium_subvault_balcony, aquarium_subvault_window,
          aquarium_subvault_window], aquarium_bridge_straight
          [aquarium_subvault_bridge, aquarium_subvault_window,
          aquarium_subvault_bridge, aquarium_subvault_wall], aquarium_window_3,
          aquarium_window_2, aquarium_window_corner, aquarium_view_2d,
          aquarium_view_2d, aquarium_balcony_1b, aquarium_pool_double,
          chequers_garden, minivault_5, uniq_duvessa
D:7:      layout_gridville
D:8:      layout_basic, serial_undead, serial_undead_d, serial_undead_e,
          serial_undead_e, serial_undead_f, gammafunk_ghost_spectres
D:9:      minmay_the_grid_octo_triangle [minmay_the_grid_octo_fat_diamond,
          minmay_the_grid_octo_prize_big_c, minmay_the_grid_octo_77],
          layout_cave_pods, serial_shops, kennysheep_mini_moat,
          nicolae_elevator_lobby_plus
Temple:   mainiacjoe_temple_trianglar_array

Skill      XL: |  1  2  3  4  5  6  7  8  9 10 |
---------------+-------------------------------+-----
Stealth        | 2 4 5 7 8 9 |  9.7
Short Blades   | 3 4 5 |  5.2
Dodging        | 2 3 5 6 |  6.5
Transmutations | 1 3 5 6 |  6.2
Air Magic      | 1 3 5 6 |  6.2
Spellcasting   | 3 5 |  5.2
Fighting       | |  2.0
Throwing       | |  0.8
Armour         | |  0.7
Translocations | |  3.0

Action                   |  1- 3 |  4- 6 |  7- 9 | 10-12 || total
-------------------------+-------+-------+-------+-------++-------
Melee: Short sword       |    69 |    75 |   431 |    67 ||   642
Throw: Boomerang         |     2 |     3 |       |       ||     5
       Dart              |       |    13 |    15 |       ||    28
 Cast: Blink             |       |       |     3 |       ||     3
       Teleport Other    |       |       |     2 |       ||     2
       Mephitic Cloud    |       |       |     1 |       ||     1
Invok: Lunge             |       |       |    20 |     5 ||    25
       Whirlwind         |       |       |     7 |     5 ||    12
 Abil: Spit Poison       |    22 |    21 |    33 |     4 ||    80
Evoke: Wand              |       |       |    10 |    13 ||    23
  Use: Scroll            |     3 |     2 |     9 |     3 ||    17
       Potion            |       |     1 |       |     1 ||     2
 Stab: Sleeping          |     1 |     3 |    10 |     2 ||    16
       Confused          |       |       |     2 |       ||     2
       Paralysed         |       |       |     1 |       ||     1
       Distracted        |       |       |       |     1 ||     1
Armor: Leather armour    |    14 |    11 |       |       ||    25
       Robe              |       |       |   178 |    35 ||   213
Dodge: Dodged            |    29 |    32 |   228 |    46 ||   335

Table legend: (Time is in decaauts)
 A = Elapsed time spent in this place.
 B = Non-inter-level travel time spent in this place.
 C = Inter-level travel time spent in this place.
 D = Time resting spent in this place.
 E = Time spent auto-exploring this place.
 F = Levels seen in this place.
 G = Mean time per level.
                   A        B        C        D        E       F      G
               +--------+--------+--------+--------+--------+-----+--------+
         Total |  13830 |  12981 |    849 |   3193 |   6840 |  10 | 1383.0 |
       Dungeon |  13224 |  12404 |    820 |   3193 |   6310 |   9 | 1469.3 |
        Temple |    606 |    577 |     29 |      0 |    529 |   1 |  606.0 |
               +--------+--------+--------+--------+--------+-----+--------+

Top non-repeatable levels by time:
     D:2: 3069 daAuts
     D:6: 2225 daAuts
     D:1: 1478 daAuts
     D:7: 1452 daAuts
     D:5: 1423 daAuts
     D:8: 1335 daAuts
     D:4: 1033 daAuts
     D:3: 918 daAuts
  Temple: 606 daAuts
     D:9: 287 daAuts
